 Dungeon Crawl Stone Soup version 0.31.0-1-g2c135a008e (webtiles) character file.

Game seed: 16085822677284245795

62 qw the Shooter (level 4, 0/35 HPs)
             Began as a Djinni Hunter on Jan 23, 2024.
             Slain by a goblin
             ... wielding a +0 dagger
             ... led by Robin
              (3 damage)
             ... on level 2 of the Dungeon.
             The game lasted 00:00:04 (957 turns).

qw the Shooter (Djinni Hunter)                       Turns: 957, Time: 00:00:04

Health: 0/35       AC:  3    Str: 10    XL:     4   Next: 28%
Gold:   68         EV: 12    Int: 11    God:
                   SH:  0    Dex: 18

rFire   + + .        a - +0 shortbow
rCold   x . .        (shield currently unavailable)
rNeg    . . .        c - +0 leather armour
rPois   inf          (no helmet)
rElec   .            (no cloak)
rCorr   .            (no gloves)
SInv    .            (boots unavailable)
Will    .....        (no amulet)
Stlth   ++           (no ring)
HPRegen 0.25/turn    (no ring)
MPRegen 0.00/turn

%: infuse magic (-1 HP)
@: flying
A: sickness immunity, fire resistance 2, cold vulnerability 1, float, innate
caster, HP casting, extra vitality 1
a: no special abilities


You were on level 2 of the Dungeon.
You visited 1 branch of the dungeon, and saw 2 of its levels.

You collected 68 gold pieces.


Innate Abilities, Weirdness & Mutations

You are immune to sickness and miasma.
You are immune to poison.
Your flesh is very heat resistant. (rF++)
You are vulnerable to cold. (rC-)
You float through the air rather than walking.
You learn spells naturally, not from books.
Your magical power is your life essence.
You have superior vitality. (+4 MHP)


   Skills:
 - Level 3.0 Fighting
 - Level 4.1 Ranged Weapons
 + Level 2.2 Dodging
 - Level 0.7 Stealth


You knew the following spells:

 Your Spells              Type           Power      Damage    Failure   Level
a - Freeze                Ice            0%         1d3       43%         1
Your spell library was empty.

Inventory:

Hand Weapons
 a - a +0 shortbow (weapon)
Armour
 c - a +0 leather armour (worn)
Potions
 d - a potion of curing
 e - a potion of haste {unknown}

Dungeon Overview and Level Annotations

Branches:
Dungeon (2/15)

Altars:


Message History

Robin throws the goblin at you! The goblin hits you but does no damage.
A goblin comes into view. It is wielding a +0 dagger.
The goblin hits you with a +0 dagger.
You shoot an arrow. The goblin shouts!
The arrow hits Robin.
Robin is heavily wounded.
A hobgoblin comes into view. x2
The goblin barely misses you.
You shoot an arrow. The arrow hits Robin!
You kill Robin!
The goblin barely misses you.
Your Fighting skill increases to level 3!
You shoot an arrow. The arrow closely misses the hobgoblin.
The arrow hits the goblin.
The goblin is heavily wounded.
The hobgoblin barely misses you. The goblin hits you with a +0 dagger.
You shoot an arrow.
The arrow hits the hobgoblin but does no damage.
The goblin no longer looks unusually strong. x2
The hobgoblin barely misses you. The goblin barely misses you. x2
The hobgoblin hits you.
You shoot an arrow. The arrow closely misses the hobgoblin.
The arrow closely misses the goblin.
The hobgoblin misses you. The goblin barely misses you.
A goblin comes into view. It is wielding a +0 dagger.
You shoot an arrow. The arrow hits the hobgoblin!
You kill the hobgoblin!
A bat skeleton comes into view.
The goblin closely misses you.
You shoot an arrow. The arrow hits the hobgoblin.
The hobgoblin is heavily wounded.
The goblin no longer looks unusually strong.
The hobgoblin barely misses you. The goblin hits you but does no damage.
You shoot an arrow. The arrow closely misses the hobgoblin.
The arrow hits the goblin.
The goblin is severely wounded.
The hobgoblin hits you. The goblin hits you but does no damage.
The goblin hits you with a +0 dagger.
You die...

#.####.####.# #. #.#
#.# #.#### #.# ##.##
#..... ..
#.###...###..### #.
###.##..#..##..#
###.
#......###.....#
##¤.¤
#.#.##..#..###.#
#¤.¤¤ #g#.###...##
#.# #¤¤P¤ #@#.#
##.## #.#
#¤¤¤g####g#.####.#
#.#
#.¤g¤g..gg.......#
#.#
.g.....#......######
.# .####.#########
.# #.# #.# ##


You could see a hobgoblin and 3 goblins.

Vanquished Creatures
  Robin (D:2)
  2 adders (D:2)
  An adder skeleton (D:2)
  A ball python (D:1)
  A bat (D:1)
  2 endoplasms (D:2)
  A giant cockroach (D:1)
  6 hobgoblins
  A kobold (D:1)
  A quokka (D:2)
  A ball python skeleton (D:2)
  6 goblins
  A quokka skeleton (D:2)
  A quokka zombie (D:2)
  A rat (D:1)
27 creatures vanquished.

Notes
Turn   | Place    | Note
-------+----------+-------------------------------------------
     0 | D:1      | qw the Djinni Hunter began the quest for the Orb.
     0 | D:1      | Reached XP level 1. HP: 18/18 MP: 0/0
     0 | D:1      | 0 ||| qw: Version: 0.3-a-136-gdd3b4e8
     0 | D:1      | 0 ||| qw: Game counter: 1032
     0 | D:1      | 0 ||| qw: Melee chars always use a shield: true
     0 | D:1      | 0 ||| qw: God list: Okawaru
     0 | D:1      | 0 ||| qw: Allow faded altars: false
     0 | D:1      | 0 ||| qw: Do Orc after clearing Dungeon:15 true
     0 | D:1      | 0 ||| qw: Do second Lair branch before Depths: true
     0 | D:1      | 0 ||| qw: Lair rune preference: random
     0 | D:1      | 0 ||| qw: Goals: Normal
     0 | D:1      | 0 ||| PLANNING D:1-11
   621 | D:1      | 621 ||| READING scroll labelled SUOBLU MUIROJ.
   621 | D:1      | 621 ||| IDENTIFYING sapphire potion
   622 | D:1      | 622 ||| DROPPING scroll of butterflies.
   657 | D:2      | 657 ||| STAIRDANCE
   665 | D:1      | Reached XP level 2. HP: 8/23 MP: 0/0
   731 | D:2      | 731 ||| STAIRDANCE
   743 | D:2      | 743 ||| STAIRDANCE
   831 | D:2      | Reached skill level 4 in Ranged Weapons
   831 | D:2      | Reached XP level 3. HP: 18/28 MP: 0/0
   831 | D:2      | Learned a level 1 spell: Freeze
   925 | D:2      | Noticed Robin
   935 | D:2      | 935 ||| RETREEEEATING.
   936 | D:2      | 936 ||| RETREEEEATING.
   937 | D:2      | 937 ||| RETREEEEATING.
   938 | D:2      | 938 ||| RETREEEEATING.
   940 | D:2      | 940 ||| RETREEEEATING.
   944 | D:2      | Reached XP level 4. HP: 10/34 MP: 0/0
   949 | D:2      | HP: 6/34 [goblin/+0 dagger[Robin] (3)]
   951 | D:2      | Killed Robin
   952 | D:2      | Reached skill level 3 in Fighting
   953 | D:2      | HP: 2/35 [hobgoblin[Robin] (4)]
   957 | D:2      | Slain by a goblin

Levels and vault maps discovered:
D:1:      matt_arrival_grand_opening, layout_basic
D:2:      layout_loops_ring, serial_shops, shop, serial_undead, serial_undead_b,
          serial_undead_b, serial_undead_d, serial_undead_d, serial_undead_e,
          serial_undead_a, serial_undead_a, st_stairs_11,
          kennysheep_jessica_study, uniq_sigmund, uniq_robin,
          uniq_crazy_yiuf_cottage

Skill      XL: |  1  2  3  4 |
---------------+-------------+-----
Ranged Weapons | 4 |  4.1
Fighting       | 3 |  3.0
Dodging        | |  2.2
Stealth        | |  0.7

Action                     |  1- 3 |  4- 6 || total
---------------------------+-------+-------++-------
   Fire: Shortbow          |    89 |    14 ||   103
    Use: Scroll            |     1 |       ||     1
 Armour: Leather armour    |    64 |    10 ||    74
  Dodge: Dodged            |    77 |    13 ||    90

Table legend:
 A = Non-vault XP
 B = Vault XP
 C = Vault XP percentage of total XP
 D = Non-vault monster count
 E = Vault monster count
 F = Vault count percentage of total count
                 A         B        C        D         E       F
            +---------+---------+-------+---------+---------+-------
      Total |      52 |      37 |  41.6 |      15 |      12 |  44.4
            +---------+---------+-------+---------+---------+-------
        D:1 |      14 |       0 |   0.0 |       8 |       0 |   0.0
        D:2 |      38 |      37 |  49.3 |       7 |      12 |  63.2
            +---------+---------+-------+---------+---------+-------
